Map: Thunderbird LE

Players

MaSa

  • Race: Terran Terran
  • League: Master
  • Spawn Location: 11:00

OGZest (Zest) - Winner!

  • Race: Protoss Protoss
  • Spawn Location: 5:00

Event: 2019 Assembly Summer

VOD

Have the link to the VOD?

Description

Time

  • Played on: Aug. 1, 2019, 5:33 a.m.
  • Length: 10:12

All games in this series

Show
View Real Time Build Order
Export as new Build Order

MaSa Terran 

Build Orders: Reaper Expand 

Get SALT Encoding   

  12  0:00  SCV  
  13  0:12  SCV  
  14  0:17  Supply Depot  
  14  0:24  SCV  
  15  0:38  SCV  
  15  0:39  Barracks  
  16  0:43  Refinery  
  16  0:50  SCV  
  17  1:02  SCV  
  18  1:15  SCV  
  19  1:31  Reaper, Orbital Command  
  20  1:47  Command Center  
  20  1:56  Barracks  
  20  2:00  SCV  
  21  2:05  Barracks Reactor  
  21  2:12  SCV  
  21  2:14  Supply Depot  
  22  2:24  SCV  
  22  2:28  Factory  
  23  2:32  Refinery  
  23  2:36  SCV  
  24  2:41  Marine x2  
  26  2:44  Barracks Tech Lab  
  26  2:49  SCV  
  27  2:59  Marine x2  
  27  3:02  Stimpack, Marine  
  27  3:03  SCV  
  31  3:11  Orbital Command  
  31  3:15  SCV  
  31  3:17  Marine  
  31  3:19  Marine  
  34  3:21  Marine  
  35  3:28  Starport  
  35  3:31  Factory Reactor  
  35  3:35  Marine, SCV  
  35  3:39  SCV  
  38  3:41  Marine  
  38  3:44  Marine  
  38  3:47  SCV  
  41  3:53  Supply Depot  
  41  3:54  SCV  
  39  3:58  Marine  
  39  4:02  SCV  
  38  4:10  SCV  
  38  4:14  SCV  
  38  4:15  Marine x2  
  40  4:22  SCV  
  41  4:26  SCV  
  41  4:29  Marine, Widow Mine  
  45  4:34  Marine  
  45  4:35  SCV  
  45  4:38  SCV  
  48  4:39  Marine  
  49  4:47  Marine, SCV  
  49  4:48  Supply Depot  
  49  4:50  SCV  
  49  4:52  Medivac  
  54  5:02  Supply Depot  
  54  5:03  Engineering Bay  
  54  5:09  Marine x3, Medivac, SCV x2  
  54  5:12  Combat Shield  
  61  5:22  SCV  
  61  5:23  SCV  
  61  5:24  Widow Mine  
  61  5:25  Supply Depot  
  58  5:31  Terran Infantry Weapons Level 1  
  58  5:34  SCV  
  58  5:35  SCV  
  59  5:41  Marine x2  
  61  5:46  Command Center, SCV  
  61  5:48  Marine, SCV  
  64  5:50  Factory Reactor  
  64  5:59  Marine x2, SCV  
  64  6:02  SCV  
  68  6:04  Supply Depot  
  69  6:11  SCV  
  69  6:14  SCV  
  69  6:15  Marine, Barracks  
  71  6:20  Supply Depot  
  71  6:23  Marine, SCV  
  71  6:24  Starport Reactor, Marine  
  74  6:28  SCV  
  74  6:30  Widow Mine  
  77  6:33  Supply Depot  
  77  6:35  SCV  
  78  6:41  Marine  
  78  6:42  SCV  
  79  6:48  Concussive Shells, Barracks  
  79  6:49  Barracks  
  79  6:50  Marine  
  79  6:53  SCV  
  81  6:58  SCV  
  81  7:02  Marine x2  
  81  7:05  SCV  
  81  7:08  Marine  
  84  7:10  SCV  
  84  7:13  Widow Mine x2  
  84  7:14  Medivac x2  
  93  7:17  SCV  
  93  7:22  Marine, SCV  
  95  7:23  Marauder  
  95  7:27  Orbital Command  
  95  7:29  SCV  
  99  7:33  Refinery  
  99  7:34  Refinery, SCV  
  99  7:36  Marine  
  99  7:37  Marine, Barracks Tech Lab  
  101  7:41  SCV  
  101  7:42  Widow Mine  
  101  7:43  Widow Mine  
  101  7:44  Medivac  
  109  7:46  SCV  
  109  7:47  Marauder  
  112  7:52  Medivac  
  112  7:53  SCV  
  112  7:54  Barracks Tech Lab  
  112  7:55  SCV  
  112  7:58  SCV  
  117  8:02  Supply Depot  
  117  8:04  Supply Depot  
  117  8:07  Supply Depot  
  117  8:16  Terran Infantry Armor Level 1, SCV  
  117  8:21  Factory  
  117  8:23  Marine x2  
  117  8:24  Marauder, Widow Mine x2  
  117  8:25  SCV  
  117  8:26  Marauder, SCV  
  129  8:33  SCV  
  130  8:35  Marine, Marauder  
  130  8:38  SCV x2  
  130  8:40  Supply Depot  
  130  8:41  Armory, Supply Depot  
  135  8:46  Marine x2  
  135  8:47  Marauder  
  139  8:53  SCV  
  128  9:03  Marine x2, Marauder  
  128  9:07  Medivac, SCV  
  118  9:10  SCV x2  
  118  9:12  Marine, Command Center  
  118  9:17  Marine x2, Marauder  
  121  9:23  Marine  
  112  9:24  Marauder  
  112  9:25  SCV  
  112  9:29  Medivac  
  106  9:33  SCV x2  
  106  9:34  Factory Tech Lab  
  106  9:35  Marauder  
  106  9:36  Refinery, Widow Mine  
  106  9:37  Refinery  
  111  9:41  Widow Mine  
  111  9:42  Marine x3, Marauder  
  118  9:48  Marine, Marauder  
  118  9:52  SCV x2  
Show
View Real Time Build Order
Export as new Build Order

OGZest Protoss - Winner!

Build Orders: 1 Gate Expand, Oracle Opening 

Get SALT Encoding   

  12  0:00  Probe  
  13  0:13  Probe  
  14  0:21  Pylon  
  14  0:24  Probe  
  15  0:35  Probe  
  15  0:40  Gateway  
  16  0:43  Probe  
  16  0:49  Assimilator  
  17  0:55  Probe  
  18  1:07  Probe  
  19  1:19  Probe  
  20  1:28  Cybernetics Core  
  20  1:35  Nexus  
  20  1:38  Probe  
  21  1:45  Pylon  
  21  1:50  Probe  
  21  1:52  Assimilator  
  22  1:54  Adept  
  22  2:03  Probe  
  25  2:09  Pylon  
  25  2:15  Probe  
  26  2:27  Stargate, Probe  
  27  2:35  Warp Gate  
  27  2:39  Probe  
  27  2:41  Adept  
  30  2:45  Probe  
  32  2:51  Probe  
  32  2:53  Probe  
  33  3:01  Oracle  
  33  3:03  Probe x2  
  38  3:15  Probe x2  
  40  3:22  Gateway x2  
  40  3:27  Probe x2  
  40  3:28  Oracle  
  42  3:39  Probe x2  
  42  3:40  Pylon  
  47  3:51  Probe  
  47  3:54  Pylon  
  47  3:55  Oracle  
  48  3:58  Probe  
  53  4:10  Probe  
  53  4:11  Nexus  
  53  4:15  Probe  
  54  4:22  Probe, Assimilator  
  55  4:24  Assimilator  
  55  4:26  Twilight Council  
  55  4:27  Probe  
  55  4:29  Pylon  
  56  4:34  Probe  
  56  4:35  Blink  
  56  4:36  Pylon  
  57  4:39  Probe  
  58  4:46  Probe  
  58  4:49  Pylon  
  58  4:51  Probe  
  60  4:58  Probe  
  61  5:03  Probe  
  61  5:05  Stalker x3  
  68  5:09  Shield Battery  
  68  5:10  Probe  
  69  5:14  Forge  
  69  5:31  Stalker x3  
  69  5:33  Probe x2  
  69  5:34  Probe  
  78  5:37  Robotics Facility  
  78  5:43  Protoss Ground Weapons Level 1  
  78  5:46  Probe x3  
  81  5:50  Pylon  
  81  5:52  Photon Cannon  
  81  5:55  Photon Cannon  
  81  6:01  Probe x2  
  81  6:03  Sentry x3  
  89  6:06  Pylon  
  89  6:09  Photon Cannon  
  89  6:10  Probe  
  89  6:13  Probe x2  
  91  6:18  Assimilator  
  91  6:20  Observer  
  91  6:22  Assimilator, Pylon  
  91  6:23  Probe  
  92  6:25  Probe x2  
  95  6:36  Charge  
  95  6:40  Gateway  
  95  6:41  Gateway  
  95  6:43  Gateway  
  95  6:45  Gateway  
  95  6:46  Gateway, Probe x3, Observer  
  98  6:48  Templar Archives  
  98  6:52  Pylon  
  96  7:15  Psionic Storm  
  96  7:19  Zealot  
  96  7:20  Zealot x2  
  96  7:21  Immortal  
  103  7:27  Robotics Facility  
  103  7:36  Forge  
  103  7:37  High Templar x2, Zealot  
  105  7:39  Probe  
  105  7:40  Probe x2  
  105  7:42  Pylon x2  
  105  7:43  Protoss Ground Armor Level 1  
  112  7:46  High Templar  
  112  7:49  Pylon  
  114  7:54  High Templar  
  114  7:55  Gateway x2  
  114  7:58  Pylon  
  116  7:59  Warp Prism  
  116  8:00  Pylon  
  116  8:04  Dark Shrine  
  118  8:11  Zealot x6  
  130  8:27  Nexus  
  130  8:31  Pylon  
  130  8:38  Immortal x2  
  136  8:48  Stalker  
  136  8:49  Stalker x5  
  148  8:59  Zealot  
  148  9:00  Zealot x2  
  142  9:11  Stalker  
  142  9:12  Stalker  
  142  9:14  Warp Prism  
  142  9:16  Stalker x2  
  148  9:17  Zealot x3  
  148  9:19  Observer  
  152  9:27  Zealot  
  152  9:28  Zealot x2  
  157  9:39  Stalker  
  157  9:40  Stalker x2  
  163  9:49  Stalker x2  
  163  9:50  Stalker  
  157  10:06  Zealot  
  157  10:07  Zealot x4  
Tags
 
Add a new tag
Caveats
  • Supply blocks, unpowered buildings, or Contaminate may cause inaccurate times.
  • Supply counts are checked every 10 seconds.